 Dungeon Crawl Stone Soup version 0.18.1-8-gdd0e5ea (webtiles) character file.

1462 taran the Destroyer (level 8, -7/45 HPs)
             Began as a Tengu Fire Elementalist on June 6, 2016.
             Was a Believer of the Shining One.
             Mangled by an orc warrior
             ... wielding a +0 glaive
              (18 damage)
             ... on level 6 of the Dungeon.
             The game lasted 01:09:34 (5215 turns).

taran the Destroyer (Tengu Fire Elementalist)       Turns: 5215, Time: 01:09:35

Health: -7/45      AC:  6    Str: 10    XL:     8   Next: 77%
Magic:  7/14       EV: 10    Int: 17    God:    the Shining One [**....]
Gold:   253        SH:  0    Dex: 14    Spells: 3 memorised, 5 levels left

rFire  + . .     SeeInvis .     F - +1 hand axe (chop)
rCold  . . .     Gourm    .     a - +0 robe
rNeg   + . .     Faith    .     (no shield)
rPois  .         Spirit   .     (helmet restricted)
rElec  .         Dismiss  .     w - +0 cloak
rCorr  .         Reflect  .     o - +2 pair of gloves
SustAt .         Harm     .     (boots unavailable)
MR     .....                    (no amulet)
Stlth  +.........               (no ring)
                                g - ring of protection from fire

@: glowing, not resistant to hostile enchantments, very unstealthy
A: beak, talons 3, able to fly 1
a: Fly, Divine Shield, Renounce Religion


You were on level 6 of the Dungeon.
You worshipped the Shining One.
The Shining One was pleased with you.
You were hungry.

You visited 1 branch of the dungeon, and saw 6 of its levels.
You also visited: Sewer.

You collected 253 gold pieces.

Inventory:

Hand Weapons
 j - a +0 dagger
 F - a +1 hand axe of chopping (weapon)
Missiles
 q - 2 curare-tipped needles
 I - 2 tomahawks (quivered)
Armour
 a - a +0 robe (worn)
 o - a +2 pair of gloves (worn)
 w - a +0 cloak (worn)
Jewellery
 g - a ring of protection from fire (left hand)
Wands
 E - a wand of heal wounds (3/9)
 M - a wand of iceblast (10/15)
 N - a wand of lightning (6/15)
Scrolls
 i - a scroll of random uselessness {unknown}
 n - 2 scrolls of remove curse {unknown}
 r - 2 scrolls of blinking
 s - a scroll of immolation {unknown}
 t - a scroll of fog
 y - 2 scrolls of amnesia
 z - a scroll of teleportation {unknown}
 B - a scroll of fear
 D - 2 scrolls of noise {unknown}
 H - 2 scrolls of enchant armour {unknown}
Potions
 e - a potion of agility {unknown}
 h - 2 potions of might
 k - 3 potions of heal wounds
 l - a potion of degeneration {unknown}
 m - 4 potions of brilliance
 p - 3 potions of flight
 v - 4 potions of curing {unknown}
 x - a potion of beneficial mutation {unknown}
 A - a potion of invisibility {unknown}
 L - 2 potions of cure mutation {unknown}
Books
 b - a book of Flames

   Spells                             Type                      Level
   a - Flame Tongue                   Conjuration/Fire             1
   b - Throw Flame                    Conjuration/Fire             2
   c - Conjure Flame                  Conjuration/Fire             3
   d - Inner Flame                    Hexes/Fire                   3
   e - Sticky Flame                   Conjuration/Fire             4
   f - Fireball                       Conjuration/Fire             5
 J - a book of Cantrips

   Spells                             Type                      Level
   a - Corona                         Hexes                        1
   b - Animate Skeleton               Necromancy                   1
   c - Summon Small Mammal            Summoning                    1
   d - Apportation                    Translocation                1
 K - the Volume of the Freezing Volcanoes
   (You found it on level 5 of the Dungeon)

   Spells                             Type                      Level
   a - Flame Tongue                   Conjuration/Fire             1
   b - Ozocubu's Armour               Charms/Ice                   3
   c - Sticky Flame                   Conjuration/Fire             4
   d - Simulacrum                     Ice/Necromancy               6
   e - Ozocubu's Refrigeration        Ice                          6
Comestibles
 c - 3 bread rations
 d - 3 meat rations
 f - 8 fruits
 u - a royal jelly
 C - a beef jerky


   Skills:
 - Level 2.4 Fighting
 - Level 6.2 Dodging
 - Level 2.1 Stealth
 - Level 3.3 Spellcasting
 + Level 8.8 Conjurations
 + Level 5.9 Fire Magic


You had 5 spell levels left.
You knew the following spells:

 Your Spells              Type           Power        Failure   Level  Hunger
a - Flame Tongue          Conj/Fire      ####.        1%          1    None
b - Sticky Flame          Conj/Fire      ####....     10%         4    ####...
d - Conjure Flame         Conj/Fire      ####....     2%          3    ###....


Dungeon Overview and Level Annotations

Branches:
Dungeon (6/15)
 Temple: D:4-7

Altars:
Elyvilon
Gozag
Kikubaaqudgha
Makhleb
The Shining One


Innate Abilities, Weirdness & Mutations

You have a beak for a mouth.
You have claws for feet.
You can fly.


Message History

Casting: Sticky Flame
Confirm with . or Enter, or press ? or * to list all spells.
Aiming: Flame Tongue
Press: ? - help, Shift-Dir - straight line, f/p - orc warrior
Aim: an orc warrior, wielding a glaive and wearing a chain mail (almost dead)
The flame tongue hits the orc warrior.
The orc warrior is almost dead.
The orc warrior barely misses you.
Casting: Flame Tongue
Confirm with . or Enter, or press ? or * to list all spells.
Aiming: Flame Tongue
Press: ? - help, Shift-Dir - straight line, f/p - orc warrior
Aim: an orc warrior, wielding a glaive and wearing a chain mail (almost dead)
The flame tongue hits the orc warrior.
The orc warrior is almost dead.
There is a stone staircase leading up here.
The orc priest calls upon Beogh to heal the orc warrior.
The orc warrior is healed somewhat.
The orc warrior hits you from afar with a glaive!!
You die...

#.#.###.#....####..#
#.#.# ##.##.## #
#.###...#.#####.#
#.#.....#..o......#
#.#(###...#o..#####
#......(.o....######.#
###......o...........#
#.####......########
#.# #.@.....# #.#
#####...#
#............>....
############.##### .#
.# .#


You could see an orc warrior, 2 orc priests and an orc.

Vanquished Creatures
  Purgy (Sewer)
  2 sky beasts
  2 phantoms
  2 ogres
  A centaur (D:5)
  A scorpion (D:5)
  A jelly (D:5)
  A centaur zombie (D:6)
  A giant frog skeleton (D:6)
  A centaur skeleton (D:5)
  Jessica (D:2)
  6 worker ants
  6 orc wizards
  A hound skeleton (D:3)
  A howler monkey zombie (D:6)
  5 gnolls
  3 adders
  A shadow imp (D:6)
  An ooze (D:4)
  An adder skeleton (D:5)
  7 worms
  3 dart slugs
  3 giant geckos
  15 orcs
  10 bats
  10 giant cockroaches
  5 goblins
  7 hobgoblins
  6 quokkas
  3 ball pythons
  A ball python skeleton (D:4)
  A giant gecko skeleton (D:4)
  10 giant newts
  2 jackal zombies (D:5)
  2 kobolds
  A quokka skeleton (D:5)
  13 rats
138 creatures vanquished.

Notes
Turn   | Place    | Note
--------------------------------------------------------------
     0 | D:1      | taran the Tengu Fire Elementalist began the quest for the Orb.
     0 | D:1      | Reached XP level 1. HP: 10/10 MP: 4/4
   217 | D:1      | Reached XP level 2. HP: 15/15 MP: 4/6
   454 | D:1      | Reached skill level 2 in Conjurations
   649 | D:2      | Found a glowing golden altar of the Shining One.
   692 | D:2      | Reached XP level 3. HP: 15/19 MP: 3/7
   718 | D:2      | Reached skill level 3 in Conjurations
   719 | D:2      | Became a worshipper of the Shining One
   752 | D:2      | Learned a level 3 spell: Conjure Flame
  1158 | D:2      | Reached skill level 4 in Conjurations
  1158 | D:2      | Reached XP level 4. HP: 24/24 MP: 0/8
  1316 | D:2      | Found a burning altar of Makhleb.
  1319 | D:2      | Noticed Jessica
  1322 | D:2      | Killed Jessica
  1322 | D:2      | Reached skill level 5 in Conjurations
  1353 | D:2      | Found an ancient bone altar of Kikubaaqudgha.
  1942 | D:3      | Gained mutation: You can fly. [Tengu growth]
  1942 | D:3      | Reached XP level 5. HP: 25/28 MP: 4/9
  2192 | D:3      | Reached skill level 6 in Conjurations
  2199 | D:3      | Found a glowing drain.
  2251 | D:3      | Reached * piety under the Shining One
  2369 | Sewer    | Entered a sewer
  2404 | Sewer    | Noticed Purgy
  2406 | Sewer    | Killed Purgy
  2406 | Sewer    | Reached skill level 7 in Conjurations
  2406 | Sewer    | Reached XP level 6. HP: 32/32 MP: 7/10
  2413 | Sewer    | Learned a level 4 spell: Sticky Flame
  3244 | D:4      | Noticed a phantom
  3268 | D:4      | Killed a phantom
  3268 | D:4      | Reached skill level 8 in Conjurations
  3268 | D:4      | Reached XP level 7. HP: 33/36 MP: 0/11
  3583 | D:4      | Reached skill level 5 in Fire Magic
  3780 | D:2      | Found an opulent altar of Gozag.
  3837 | D:5      | Entered Level 5 of the Dungeon
  4061 | D:5      | Found a white marble altar of Elyvilon.
  4136 | D:5      | Identified the Volume of the Freezing Volcanoes
  4192 | D:5      | Reached skill level 1 in Fighting
  4339 | D:5      | Reached XP level 8. HP: 43/43 MP: 10/14
  4547 | D:5      | Reached ** piety under the Shining One
  4624 | D:5      | Reached skill level 5 in Dodging
  5215 | D:6      | Mangled by an orc warrior

Skill      XL: |  1  2  3  4  5  6  7  8 |
---------------+-------------------------+-----
Conjurations   | 2 4 5 7 8 |  8.8
Fire Magic     | 4 5 |  5.9
Spellcasting   | 3 |  3.3
Dodging        | 4 6 |  6.2
Fighting       | 1 2 |  2.4
Stealth        | |  2.1

Action                   |  1- 3 |  4- 6 |  7- 9 || total
-------------------------+-------+-------+-------++-------
Melee: Unarmed           |     8 |       |       ||     8
       Dagger            |    24 |    37 |       ||    61
       Peck              |     4 |     9 |     1 ||    14
       Kick              |     4 |    10 |     3 ||    17
       Short sword       |       |    21 |       ||    21
       Hand axe          |       |     4 |    22 ||    26
Throw: Tomahawk          |       |       |     2 ||     2
 Cast: Flame Tongue      |    51 |   103 |    97 ||   251
       Conjure Flame     |     3 |       |     1 ||     4
       Sticky Flame      |       |     3 |     9 ||    12
  Use: Scroll            |       |     6 |     2 ||     8
 Stab: Sleeping          |     3 |       |       ||     3
  Eat: Chunk             |     2 |     9 |     8 ||    19
Armor: Robe              |    17 |    29 |    16 ||    62
Dodge: Dodged            |    28 |    40 |    44 ||   112
